[Event "*** SCC Grand Prix: Titled Tuesday Blitz"]
[Site "Chess.com"]
[Date "2020.10.13"]
[Round "4"]
[White "Orest_Vovk"]
[Black "Yashasd1995"]
[Result "0-1"]
[WhiteElo "2407"]
[BlackElo "2597"]
[TimeControl "180+1"]
[EndTime "10:40:19 PDT"]
[Termination "Yashasd1995 won on time"]

1. d4 Nf6 2. Bf4 b6 3. e3 Bb7 4.
Nf3 d6 5. Nbd2 Nbd7 6. Be2 g6 7.
O-O Bg7 8. a4 a6 9. h3 O-O 10.
Bh2 Re8 11. c3 e5 12. dxe5 dxe5 13. Nc4 Ne4 14. Qc2 Qe7 15. Rfd1 Rad8 16. b4 Ng5 17. Nxg5 Qxg5 18. e4 Nf6 19. Bf3 Nh5 20. Rxd8 Rxd8 21. Rd1 Nf4 22. Rxd8+ Qxd8 23. Qd2 Qxd2 24. Nxd2 Kf8 25.
Kf1 Ke7 26. Nb3 Bc6 27. a5 Bb5+ 28. Ke1 Nd3+ 29. Kd2 Bh6+ 30. Kc2 Ne1+ 31. Kd1 Nxf3 32. axb6 cxb6 33. gxf3 f6 34. Kc2 Kd7 35. Nd2 Bf8 36. c4 Ba4+ 37. Kc3 g5 38. Nf1 h6 39. Ne3 Bc6 40. Nd5 b5 41. c5 Bxd5 42. exd5 Kc7 43.
Bg3 Kd7 44. h4 a5 45. hxg5 hxg5 46. Kb3 a4+ 47. Ka3 Be7 48. Kb2 Bd8 49. Ka3 Bc7 50. Bh2 Ke8 51. d6 Bb8 52. Bg3 Kd7 53. Bh2 Bxd6 54. cxd6 Kxd6 55. Bg3 Kd5 56. f4 exf4 57. Bh2 Ke4 58. Kb2 Kf3 0-1

[Event "*** SCC Grand Prix: Titled Tuesday Blitz"]
[Site "Chess.com"]
[Date "2020.10.13"]
[Round "4"]
[White "Sueetin"]
[Black "guillembaches"]
[Result "1-0"]
[WhiteElo "2270"]
[BlackElo "2403"]
[TimeControl "180+1"]
[EndTime "10:40:20 PDT"]
[Termination "Sueetin won on time"]

1. d4 d5 2. c4 Nc6 3. cxd5 Qxd5 4. e3 e5 5. Nc3 Bb4 6. Bd2 Bxc3 7. bxc3 Qd6 8. Ne2 Nf6 9. Ng3 h5 10. Bd3 h4 11.
Ne4 Nxe4 12. Bxe4 h3 13. g3 f5 14. Bf3 e4 15. Bh5+ g6 16. Be2 Be6 17. c4 Bf7 18.
Rb1 b6 19. c5 Qd5 20. Qa4 O-O 21. Rc1 Ne7 22. Bc4 Qd8 23. Bf1 Nd5 24. Bxh3 a6 25. Bg2 b5 26. Qc2 c6 27. h4 Ra7 28. h5 gxh5 29. Ke2 Qf6 30. Rh4 Kg7 31. Rch1 Rh8 32. Ba5 Bg6 33. Kd1 b4 34. Qb3 Rb7 35. Bf1 Ra8 36.
Bc4 Bf7 37. Kc1 Ne7 38. Bxf7 Qxf7 39. Rxh5 Qxb3 40. axb3 Kf6 41. Rh7 Rab8 42. R1h6+ Ng6 43. Rxb7 Rxb7 44. Bd8+ Kg7 45. Rh5 Rf7 46. Bb6 Nf8 47.
Ba5 Rb7 48. Kb2 Kg6 49. Rh4 Nd7 50. Bd8 a5 51. g4 fxg4 52. Rxg4+ Kf5 53. Rf4+ Ke6 54.
Rxe4+ Kf7 55. Re7+ Kf8 56. Re4 Rb8 57. Rf4+ Ke8 58. Bc7 Rb7 59. Bd6 a4 60. e4 a3+ 61.
Ka2 Ra7 62. e5 Ra8 63. e6 1-0

[Event "*** SCC Grand Prix: Titled Tuesday Blitz"]
[Site "Chess.com"]
[Date "2020.10.13"]
[Round "4"]
[White "starworld123"]
[Black "UCantHandleDenker"]
[Result "1-0"]
[WhiteElo "2726"]
[BlackElo "2550"]
[TimeControl "180+1"]
[EndTime "10:40:21 PDT"]
[Termination "starworld123 won by resignation"]

1. d4 Nf6 2. Bg5 g6 3. Bxf6 exf6 4. e3 h5 5. c4 f5 6. Nc3 Bh6 7. Bd3 d6 8. Nge2 O-O 9. Qc2 Nd7 10. h3 Nf6 11.
O-O c6 12. b4 Re8 13. b5 Bd7 14. a4 h4 15. a5 a6 16. Rfb1 axb5 17. cxb5 Rxa5 18.
Rxa5 Qxa5 19. bxc6 bxc6 20. Rb7 Qa1+ 21. Kh2 Be6 22. Ng1 Nd5 23. Nce2 Ra8 24. Rb1 Qa7 25. Qxc6 Rd8 26. Nf3 Qe7 27. Qb7 Rd7 28. Qa8+ Kg7 29. Bc4 Nb6 30. Rxb6 Bxc4 31. Nc3 Rd8 32. Qc6 Bd3 33.
Rb7 Qe6 34. Nxh4 Be4 35. Nxe4 fxe4 36. g3 Bg5 37. Ng2 Rc8 38. Qd7 Qxd7 39. Rxd7 Rc2 40. Rxd6 Rxf2 41. Kg1 Re2 42. Kf1 Rd2 43. Rd5 Bf6 44. g4 Ra2 45. Rd7 Bg5 46. h4 Ra1+ 47. Kf2 Ra2+ 48. Kg3 Bf6 49. g5 Be7 50. Rxe7 Ra3 51.
Rxe4 Rb3 52. Nf4 Rd3 53. Nxd3 1-0

[Event "*** SCC Grand Prix: Titled Tuesday Blitz"]
[Site "Chess.com"]
[Date "2020.10.13"]
[Round "4"]
[White "Ladislav1969"]
[Black "tan275"]
[Result "1/2-1/2"]
[WhiteElo "2367"]
[BlackElo "2237"]
[TimeControl "180+1"]
[EndTime "10:40:21 PDT"]
[Termination "Game drawn by repetition"]

1. e4 c6 2. d4 d5 3. e5 Bf5 4. Nd2 e6 5. Nb3 c5 6. dxc5 Bxc5 7. Nxc5 Qa5+ 8. c3 Qxc5 9. Nf3 Qc7 10. Bb5+ Nc6 11. O-O Ne7 12. Re1 O-O 13. h3 Rad8 14. Bf4 Qb6 15. a4 a6 16. Be3 Qc7 17. Bd3 Be4 18. Bd4 Bxd3 19. Qxd3 Nf5 20. Rac1 Na5 21. g4 Ne7 22. b4 Nb3 23. Rc2 Rc8 24. a5 Nxd4 25. Nxd4 Ng6 26. Qe3 Qc4 27. f4 Rfe8 28. Qg3 h6 29. h4 Ne7 30. h5 Nc6 31. Nxc6 Rxc6 32. g5 hxg5 33. Qxg5 Qd3 34. Rg2 Qh7 35. h6 g6 36. Re3 Rc4 37. Qf6 d4 38. cxd4 Rxd4 39.
Reg3 Rd1+ 40. Kh2 Qxh6+ 41. Rh3 Rh1+ 42. Kxh1 Qxh3+ 43. Kg1 Qe3+ 44. Kh2 Qf3 45. Rg3 Qh5+ 46. Rh3 Qe2+ 47. Kg3 Qe3+ 48. Kg2 Qe2+ 49. Kg3 Qe3+ 50. Kh2 Qf2+ 51. Kh1 Qf1+ 52. Kh2 Qf2+ 53. Kh1 Qf1+ 54. Kh2 Qf2+ 1/2-1/2

[Event "*** SCC Grand Prix: Titled Tuesday Blitz"]
[Site "Chess.com"]
[Date "2020.10.13"]
[Round "4"]
[White "GrigorGrigorov"]
[Black "AleksibFan"]
[Result "1-0"]
[WhiteElo "2809"]
[BlackElo "2567"]
[TimeControl "180+1"]
[EndTime "10:40:24 PDT"]
[Termination "GrigorGrigorov won on time"]

1. Nf3 d5 2. g3 Nf6 3. Bg2 g6 4.
d4 Bg7 5. O-O O-O 6. c4 c6 7.
Ne5 Be6 8. cxd5 Bxd5 9. Nc3 Bxg2 10. Kxg2 Nbd7 11. Nf3 Re8 12. e4 e5 13. Nxe5 Nxe5 14.
dxe5 Rxe5 15. f4 Re8 16. e5 Nd5 17. Nxd5 Qxd5+ 18. Qxd5 cxd5 19. Be3 f6 20. exf6 Bxf6 21. Kf3 Bxb2 22. Rab1 d4 23. Bf2 Bc3 24. Rxb7 d3 25.
Rd7 d2 26. Be3 Rad8 27. Rxd8 Rxd8 28. Rd1 Ba5 29. Bxa7 Rd3+ 30. Ke2 Ra3 31. Be3 Rxa2 32. Bxd2 Kf7 33. Kd3 Ra3+ 34. Ke4 Ra4+ 35. Ke5 Bc7+ 36.
Kd5 Ra6 37. Bb4 h5 38. Re1 Bd8 39. Re2 Bf6 40. Bc5 Ra5 41. Kc6 Ra4 42. Kb5 Ra1 43.
Rd2 Rb1+ 44. Kc4 Rb2 45. Rd7+ Ke6 46. Rd6+ Kf7 47. Rxf6+ Kxf6 48. Bd4+ Kf5 49. Bxb2 Kg4 50. Bf6 Kh3 51. Bh4 Kxh2 52. Kd5 Kh3 53. Ke5 Kg4 54.
Kf6 1-0

[Event "*** SCC Grand Prix: Titled Tuesday Blitz"]
[Site "Chess.com"]
[Date "2020.10.13"]
[Round "4"]
[White "mr_gustavo"]
[Black "PavelShkapenko"]
[Result "0-1"]
[WhiteElo "2415"]
[BlackElo "2705"]
[TimeControl "180+1"]
[EndTime "10:40:24 PDT"]
[Termination "PavelShkapenko won on time"]

1. d4 Nf6 2. c4 e6 3. Nf3 Bb4+ 4. Nbd2 d5 5. a3 Be7 6. g3 O-O 7. Bg2 b6 8. cxd5 exd5 9. O-O c5 10. dxc5 bxc5 11.
Qc2 Nbd7 12. e4 Ba6 13. Rd1 d4 14. e5 Ng4 15. Nc4 Rc8 16. Nd6 Bxd6 17. exd6 Ngf6 18. Bf4 Re8 19. Qf5 Bc4 20. Re1 Be6 21. Qd3 h6 22. b4 Nd5 23. Bd2 Qb6 24. bxc5 Nxc5 25. Qxd4 Qxd6 26. Ne5 Red8 27. Nc4 Qf8 28. Qh4 Nb3 29. Rad1 Nxd2 30. Rxd2 Nf6 31. Rxd8 Qxd8 32. Ne5 Qd2 33. Rf1 Rc1 34. Qb4 Qxb4 35. axb4 Rxf1+ 36. Bxf1 Bd5 37. b5 Kf8 38. f4 Ke7 39. Kf2 Kd6 40. Bg2 Kc5 41.
Bxd5 Nxd5 42. Nxf7 Kxb5 43. Kf3 a5 44. Ke4 Ne7 45.
Nd6+ Kb4 46. Kd4 a4 47. Nc4 Nc6+ 48. Kd3 Kb3 49. g4 Nb4+ 50. Kd4 Nc2+ 51. Kd3 Ne1+ 52. Kd4 Nf3+ 53. Kd3 Nxh2 54. g5 hxg5 55. fxg5 Ng4 56.
Nd2+ Kb4 57. Kc2 Ne5 58. Ne4 a3 59. g6 Nc4 60. Nf2 a2 61. Nd3+ Kb5 0-1

[Event "*** SCC Grand Prix: Titled Tuesday Blitz"]
[Site "Chess.com"]
[Date "2020.10.13"]
[Round "4"]
[White "Margarita2907"]
[Black "Sergienko_Sergey"]
[Result "0-1"]
[WhiteElo "2179"]
[BlackElo "2401"]
[TimeControl "180+1"]
[EndTime "10:40:24 PDT"]
[Termination "Sergienko_Sergey won on time"]

1. e4 c5 2. Nf3 a6 3. c4 e6 4. d4 cxd4 5. Nxd4 Nf6 6. Nc3 d6 7. Be2 Be7 8. O-O O-O 9. Kh1 Qc7 10. f4 b6 11. Bd3 Nbd7 12. Qe2 Bb7 13. Bd2 Rfe8 14.
b3 Rac8 15. Rae1 e5 16. Nf5 Bf8 17. Bb1 g6 18. Ng3 Bg7 19. f5 b5 20. cxb5 axb5 21.
Qxb5 Nc5 22. Qb4 Ba6 23. Rg1 Rb8 24. Qa3 Bd3 25. fxg6 hxg6 26. Nd5 Nxd5 27. exd5 Bxb1 28.
Rxb1 Nd3 29. Rgf1 Ra8 30. Rbc1 Qb7 31. Rc3 Rxa3 32. Rxd3 Rxa2 33. Rdf3 f5 34. h3 e4 35. R3f2 Rb2 36. Re2 Rxb3 37. Be3 Rb1 38. Rfe1 Rxe1+ 39.
Rxe1 Qxd5 40. Bf2 Qe6 41. Ne2 d5 42. Nf4 d4 43. Nxe6 Rxe6 44. Rd1 d3 45. Be3 Rc6 46. Kg1 Rc2 47. Kf1 Be5 48. g4 Kf7 49. gxf5 gxf5 50. h4 f4 51. Bb6 Ke6 52. h5 Kf5 0-1

[Event "*** SCC Grand Prix: Titled Tuesday Blitz"]
[Site "Chess.com"]
[Date "2020.10.13"]
[Round "4"]
[White "Jospem"]
[Black "thedjoker98"]
[Result "1-0"]
[WhiteElo "2939"]
[BlackElo "2592"]
[TimeControl "180+1"]
[EndTime "10:40:25 PDT"]
[Termination "Jospem won by checkmate"]

1. e4 e5 2. Nf3 Nc6 3. Bc4 Bc5 4.
c3 Nf6 5. d3 O-O 6. Nbd2 a6 7. a4 Re8 8. O-O Ba7 9. Qb3 Qe7 10. a5 h6 11. h3 b5 12. axb6 Bxb6 13.
Re1 Na5 14. Qc2 Nxc4 15. Nxc4 d6 16. d4 exd4 17. Nxb6 cxb6 18. Nxd4 Bb7 19. f3 Qe5 20. Bd2 Rac8 21. Qb3 b5 22. Rad1 Nh5 23. Qa3 d5 24. exd5 Qxd5 25. Re7 Nf6 26. Rde1 Rxe7 27. Rxe7 Re8 28. Rxe8+ Nxe8 29. Qe7 Nf6 30. Bf4 Qd7 31. Qc5 Nd5 32. Bg3 Ne3 33. Qe5 Nc4 34. Qe2 Bd5 35. Kh2 f6 36. h4 Kf7 37. b3 Nb6 38.
Qd3 Be6 39. h5 Nd5 40. c4 bxc4 41. bxc4 Nb4 42. Qg6+ Kf8 43. Nxe6+ Qxe6 44. c5 Nc6 45. Bd6+ Kg8 46. Qb1 Qd7 47. Qe4 a5 48. g4 f5 49. gxf5 Kf7 50. Kg3 Ne7 51. Kf4 a4 52.
Qc4+ Kf8 53. Qe6 Qxe6 54. fxe6 a3 55. c6 Ke8 56. Bxe7 a2 57. c7 a1=Q 58. c8=Q+ Kxe7 59. Qd7+ Kf6 60. Qf7# 1-0

[Event "*** SCC Grand Prix: Titled Tuesday Blitz"]
[Site "Chess.com"]
[Date "2020.10.13"]
[Round "4"]
[White "W_Amadeus"]
[Black "bratkoo"]
[Result "1-0"]
[WhiteElo "2709"]
[BlackElo "2533"]
[TimeControl "180+1"]
[EndTime "10:40:25 PDT"]
[Termination "W_Amadeus won by checkmate"]

1. e4 g6 2. d4 Bg7 3. c4 d6 4.
Nc3 c5 5. d5 Nd7 6. Nf3 a6 7. Bd3 Ngf6 8. h3 O-O 9. O-O e6 10.
Re1 Nh5 11. Rb1 e5 12. a3 Nf4 13. Bf1 f5 14. g3 Nh5 15. exf5 Rxf5 16. g4 Rxf3 17.
Qxf3 Nhf6 18. Bg5 Qf8 19. b4 h6 20. Bd2 Qe7 21. Ne4 Nxe4 22. Qxe4 Qf7 23. Bd3 g5 24.
Be3 Nf6 25. Qg6 Qxg6 26. Bxg6 cxb4 27. axb4 b5 28. c5 dxc5 29. Bxc5 Nxd5 30. Be4 Be6 31. Red1 Rd8 32. Ra1 Rd7 33. Rxa6 Nf4 34. Rxd7 Bxd7 35.
Kh2 h5 36. f3 hxg4 37. hxg4 Kf7 38. Ra7 Ke8 39. Rb7 Ne6 40. Bd6 Nd4 41. Bg6+ Kd8 42.
Rb8+ Bc8 43. Kg3 Kd7 44. Bc5 Kc7 45. Ra8 Bb7 46. Rg8 Bf6 47. Rf8 Bd8 48. Rf7+ Kb8 49. Bd6+ Kc8 50. Bxe5 Bb6 51. Bxd4 Bxd4 52. Bf5+ Kb8 53.
Be4 Be5+ 54. Kg2 Bxe4 55. fxe4 Bd6 56. Rf5 Kc7 57. Rxb5 Kc6 58. Rd5 Bxb4 59. Rxg5 Be7 60. Rf5 Kd7 61. Kf3 Ke6 62. e5 Bd6 63. Ke4 Be7 64. g5 Kd7 65. Kd5 Ke8 66. e6 Bf8 67. g6 Bh6 68. Rf7 Bf8 69. g7 Bxg7 70. Rxg7 Kf8 71.
Rf7+ Kg8 72. Kd6 Kh8 73. e7 Kg8 74. e8=Q# 1-0

[Event "*** SCC Grand Prix: Titled Tuesday Blitz"]
[Site "Chess.com"]
[Date "2020.10.13"]
[Round "4"]
[White "Unknown_IM"]
[Black "TST2014"]
[Result "1/2-1/2"]
[WhiteElo "2352"]
[BlackElo "2531"]
[TimeControl "180+1"]
[EndTime "10:40:25 PDT"]
[Termination "Game drawn - insufficient material"]

1. e4 c5 2. Nf3 Nc6 3. Bb5 g6 4. Bxc6 dxc6 5. d3 Bg7 6. Nc3 Nf6 7. h3 Nd7 8. Be3 e5 9. O-O b6 10. Qc1 h6 11. a3 a5 12. Na4 Rb8 13. Rb1 Qe7 14. b3 b5 15. Nb2 Nf8 16. a4 Ne6 17.
Qd2 Ra8 18. c3 Qd6 19. Rfd1 Nf4 20. Bxf4 exf4 21. d4 cxd4 22. cxd4 Be6 23. d5 cxd5 24. exd5 Bf5 25. axb5 Bxb1 26. Nc4 Qb4 27. Rxb1 O-O 28. Qxf4 Qxb5 29. d6 a4 30. Na3 Qd3 31. Qc4 Qxd6 32.
Nb5 Qe6 33. Qxe6 fxe6 34. bxa4 Rxa4 35. Nc7 Re4 36. Rb7 Rf7 37. Rb8+ Kh7 38. Ne8 Bd4 39.
Nd6 Ba7 40. Nxf7 Bxb8 41. N7g5+ hxg5 42. Nxg5+ Kg7 43. Nxe4 Bf4 44. g3 Be5 45. Kg2 Bd4 46.
Kf3 Bb2 47. Kg4 Bc1 48. h4 Kf7 49. f4 Kg7 50. Kg5 Ba3 51. Nf2 Be7+ 52. Kg4 Bd8 53. Nd3 Be7 54. Ne5 Bd8 55. Nf3 Bf6 56. Ng5 e5 57.
Ne4 exf4 58. Nxf6 fxg3 59. Kxg3 Kxf6 60. Kg4 Kg7 61. h5 Kh6 62. hxg6 Kxg6 1/2-1/2

[Event "*** SCC Grand Prix: Titled Tuesday Blitz"]
[Site "Chess.com"]
[Date "2020.10.13"]
[Round "4"]
[White "Pashinskiy_Mikhail"]
[Black "Angel_Hranitel_37"]
[Result "1-0"]
[WhiteElo "2344"]
[BlackElo "2472"]
[TimeControl "180+1"]
[EndTime "10:40:25 PDT"]
[Termination "Pashinskiy_Mikhail won by resignation"]

1. e4 c5 2. Nc3 e6 3. Nge2 Nc6 4.
g3 d5 5. exd5 exd5 6. Bg2 d4 7.
Nd5 Nge7 8. Nef4 Nxd5 9. Nxd5 Bd6 10. Qe2+ Be6 11. d3 O-O 12. Nf4 Bxf4 13. Bxf4 Re8 14. O-O Bxa2 15. Qh5 Be6 16. Qxc5 Rc8 17. Qh5 Qb6 18.
Be4 f5 19. Bxf5 Bxf5 20. Qxf5 Qxb2 21. Rab1 Qa2 22. Rxb7 Qe6 23. Qg5 Qf6 24. Qd5+ Qe6 25. Qg5 Re7 26. Rfb1 h6 27. Rxe7 Nxe7 28. Qe5 Qxe5 29.
Bxe5 Rxc2 30. Rb7 Nc6 31. Rxg7+ Kf8 32. Bf6 Nb4 33. Rxa7 Nxd3 34. Bxd4 Ne1 35. Bg7+ Kg8 36. Bxh6 Rb2 37. Be3 Rb1 38. h4 Nf3+ 39. Kg2 Ne1+ 40. Kh3 Nf3 41. Kg4 Ne5+ 42. Kf5 Nc6 43. Rc7 Nd8 44.
Rc8 Rd1 45. Bg5 Rd5+ 46. Kg4 Rb5 47. Rxd8+ Kf7 48. h5 Ke6 49. h6 Kf7 50. h7 Kg6 51. h8=Q Rxg5+ 52. Kf3 Rf5+ 53. Kg2 Rf6 54. Rg8+ Kf5 55.
Qh3+ Ke5 56. Re8+ Kd6 57. Rd8+ Ke5 58. f4+ Ke4 59. Qh7+ Rf5 60. Re8+ Kd4 61. Qxf5 1-0

[Event "*** SCC Grand Prix: Titled Tuesday Blitz"]
[Site "Chess.com"]
[Date "2020.10.13"]
[Round "4"]
[White "Alexsur1981"]
[Black "Oleksandr_Bortnyk"]
[Result "1-0"]
[WhiteElo "2786"]
[BlackElo "2895"]
[TimeControl "180+1"]
[EndTime "10:40:26 PDT"]
[Termination "Alexsur1981 won on time"]

1. e4 Nf6 2. Nc3 d5 3. e5 Nfd7 4. Nxd5 Nxe5 5. Ne3 c5 6. b4 e6 7. Bb2 Ng6 8. b5 Nd7 9. g3 Nf6 10. Bg2 Be7 11. h4 h5 12. Nf3 O-O 13. Ne5 Nxe5 14. Bxe5 Nd7 15. Bb2 Bf6 16. Bxf6 Nxf6 17. O-O Qd4 18.
Re1 Rd8 19. d3 e5 20. Rb1 Bg4 21. Qd2 Rd7 22. Qa5 b6 23. Qa3 Rad8 24. Nc4 Re7 25. Qb2 e4 26. Qxd4 Rxd4 27. Nd2 Ra4 28. Rb2 Nd5 29.
Rxe4 Rexe4 30. Nxe4 Be6 31. c3 Ra3 32. Rc2 Nc7 33.
d4 Nxb5 34. dxc5 Rxa2 35. Rxa2 Bxa2 36. Bf1 Nc7 37. cxb6 axb6 38. Nd6 Be6 39. Be2 Kf8 40. Bxh5 Ke7 41. Ne4 Bd5 42. Nd2 Kd6 43. Be2 Kc5 44. f4 b5 45. Kf2 f6 46. Ke3 Ne8 47. Bd3 Nd6 48. g4 Ne8 49. g5 fxg5 50. fxg5 Bf7 51.
Ne4+ Kc6 52. Kd4 Nc7 53. Ng3 Ne6+ 54. Ke5 Nc5 55. Bc2 Nd7+ 56. Kd4 Nc5 57. Bf5 Nb3+ 58. Ke5 Kc5 59. h5 Kc4 60. h6 gxh6 61. gxh6 Bg8 62.
Ne4 1-0

[Event "*** SCC Grand Prix: Titled Tuesday Blitz"]
[Site "Chess.com"]
[Date "2020.10.13"]
[Round "4"]
[White "Manukyan_Artak"]
[Black "zverr1"]
[Result "1/2-1/2"]
[WhiteElo "2316"]
[BlackElo "2451"]
[TimeControl "180+1"]
[EndTime "10:40:26 PDT"]
[Termination "Game drawn - insufficient material"]

1. e4 e6 2. d4 d5 3. e5 c5 4.
c3 Qb6 5. Nf3 Nc6 6. a3 Nh6 7.
b4 cxd4 8. cxd4 Nf5 9. Bb2 Bd7 10.
g4 Nfe7 11. Nc3 Na5 12. Na4 Bxa4 13. Qxa4+ Nac6 14. Rc1 Ng6 15. h4 h5 16. g5 Be7 17.
Qb5 O-O 18. Qxb6 axb6 19. Bb5 Nf4 20. Kd2 Rfc8 21. Rc3 Na7 22. Bd3 Nxd3 23. Rxc8+ Rxc8 24. Kxd3 b5 25. Rc1 Rc4 26. Nd2 Rxc1 27. Bxc1 Nc8 28. Nb3 Nb6 29. Na5 Nc4 30. Nxb7 f6 31. exf6 gxf6 32.
f4 Nd6 33. Nc5 Kf7 34. Be3 Nc4 35. Bc1 Nd6 36. Be3 Nc4 37. a4 Nb2+ 38. Kc2 Nxa4 39. Nxa4 bxa4 40. b5 Bd8 41. Kb2 Bb6 42. Ka3 e5 43. fxe5 fxe5 44. Kxa4 exd4 45. Bd2 Ke6 46. Kb3 Kf5 47. Kc2 Ke6 48. Kd3 Kf5 49. Bc1 Kg6 50. Bb2 Bc7 51. Bxd4 Bg3 52. b6 Bxh4 53.
Be5 Bf2 54. b7 Ba7 55. b8=Q Bxb8 56. Bxb8 Kxg5 57. Kd4 Kg4 58. Kxd5 h4 59. Ke4 h3 60.
Ke3 h2 61. Bxh2 1/2-1/2

[Event "*** SCC Grand Prix: Titled Tuesday Blitz"]
[Site "Chess.com"]
[Date "2020.10.13"]
[Round "4"]
[White "biostatistician"]
[Black "Bulldog167"]
[Result "1/2-1/2"]
[WhiteElo "2566"]
[BlackElo "2745"]
[TimeControl "180+1"]
[EndTime "10:40:27 PDT"]
[Termination "Game drawn - insufficient material"]

1. d4 Nf6 2. Nf3 e6 3. c4 c5 4. e3 d5 5. Nc3 dxc4 6. Bxc4 a6 7. O-O b5 8. Bd3 Bb7 9. a3 Nbd7 10. Qe2 Be7 11. Rd1 Qb6 12. Ng5 h6 13. Nge4 O-O 14.
dxc5 Nxc5 15. Nxc5 Qxc5 16. Bd2 Rfd8 17. Rac1 Qg5 18. f4 Qg4 19. Qxg4 Nxg4 20. Be4 Bxe4 21. Nxe4 Nf6 22. Nf2 Rac8 23. Rxc8 Rxc8 24. Rc1 Rd8 25. Ba5 Ra8 26. Kf1 Nd5 27. Ke2 Bf6 28. Nd3 g5 29. g3 Kg7 30. e4 gxf4 31. gxf4 Nxf4+ 32. Nxf4 Bxb2 33. Rc7 Kf6 34. Kf3 Be5 35. Bc3 Bxc3 36. Rxc3 a5 37. Rb3 Rb8 38. Ke3 b4 39. axb4 Rxb4 40.
Rxb4 axb4 41. Nd3 b3 42. Kf4 e5+ 43. Kg4 Ke6 44. Kh5 f5 45. Nc5+ Kf6 46. Nxb3 fxe4 47. Kg4 Ke6 48. Nc1 Kd5 49. Ne2 Kc4 50. Kg3 Kd3 51. Kf2 Kd2 52. Ng3 e3+ 53. Kf3 Kd3 54.
h4 h5 55. Kg2 Kd2 56. Kf1 Kd1 57. Ne2 Kd2 58. Ng1 Kd3 59. Ke1 Ke4 60. Ke2 Kf4 61.
Nf3 e4 62. Ng5 Kg4 63. Nxe4 Kxh4 64. Kxe3 Kh3 65. Kf4 h4 66. Ng5+ Kg2 67. Kg4 h3 68. Nxh3 1/2-1/2

[Event "*** SCC Grand Prix: Titled Tuesday Blitz"]
[Site "Chess.com"]
[Date "2020.10.13"]
[Round "4"]
[White "r31415"]
[Black "Flopezin"]
[Result "0-1"]
[WhiteElo "2455"]
[BlackElo "2341"]
[TimeControl "180+1"]
[EndTime "10:40:27 PDT"]
[Termination "Flopezin won on time"]

1. c4 Nf6 2. Nc3 e6 3. e4 d5 4. e5 d4 5. exf6 dxc3 6. bxc3 Qxf6 7. Nf3 e5 8. d4 exd4 9. cxd4 Bb4+ 10. Bd2 Bxd2+ 11.
Qxd2 O-O 12. Be2 Bg4 13. O-O Nc6 14. Rad1 Rad8 15. d5 Bxf3 16. Bxf3 Ne5 17. Be2 b6 18. Qc3 Nd7 19. Qxf6 Nxf6 20. Rfe1 Rfe8 21. Bd3 h6 22. Kf1 Nd7 23. Bc2 Nc5 24. f4 Kf8 25. Re5 f6 26. Ree1 g5 27. g3 Rxe1+ 28. Rxe1 Re8 29. Rxe8+ Kxe8 30. Ke2 Ke7 31. Kf3 Nb7 32. Kg4 Kf7 33. h4 gxh4 34. Kxh4 Nd6 35. Bd3 a5 36. g4 Kg7 37.
Kg3 Kf7 38. Kf3 Nb7 39. Ke3 Ke7 40. Bc2 Nc5 41. Kd4 Kd6 42. Ke3 Ke7 43. Kf3 Kf7 44. Kg3 Nb7 45. Kh4 Nd6 46. Bd3 Nb7 47. Kh5 Kg7 48.
Bc2 Nd6 49. Bd3 Nc8 50. Kh4 Ne7 51. Kg3 Nc8 52. Kf3 Nd6 53. Ke3 Kf7 54. Kd4 Nb7 55.
Bc2 Nc5 56. Ke3 Nd7 57. Bd1 Nb8 58. Kd4 Nd7 59. Ke4 Nc5+ 60. Kf5 Nd3 0-1

[Event "*** SCC Grand Prix: Titled Tuesday Blitz"]
[Site "Chess.com"]
[Date "2020.10.13"]
[Round "4"]
[White "witcher8"]
[Black "Misticpikachu"]
[Result "0-1"]
[WhiteElo "2431"]
[BlackElo "2304"]
[TimeControl "180+1"]
[EndTime "10:40:27 PDT"]
[Termination "Misticpikachu won on time"]

1. e4 c5 2. Nc3 e6 3. f4 Nc6 4.
Nf3 d5 5. Bb5 d4 6. Bxc6+ bxc6 7. Ne2 Nf6 8. d3 Be7 9. b3 O-O 10. O-O Qc7 11. Bd2 a5 12. a4 Rd8 13. h3 Rb8 14.
Qe1 Ra8 15. g4 c4 16. bxc4 c5 17. f5 exf5 18. gxf5 Bb7 19. Bf4 Qc8 20. Ng3 Re8 21. Qf2 Nd7 22. Kh1 f6 23. Rg1 Kh8 24. Nh5 Bf8 25. Rg2 Re7 26. Rag1 Qe8 27. Bd6 Qxh5 28. Bxe7 Bxe7 29. Rxg7 Qxh3+ 30. Nh2 Re8 31. R1g3 Qh6 32. Qg1 Qxg7 33. Rxg7 Ne5 34. Rg3 Bd6 35.
Rg2 Nxc4 36. Qf2 Ne3 37. Rg1 Re5 38. Ng4 Rxf5 39. Qxf5 Nxf5 40. Nxf6 Ng7 41. Rg5 Be7 42. Re5 h6 43. Nd5 Bxd5 44. Rxd5 Bf8 45. Rd8 Kg8 46.
Ra8 Ne6 47. Rxa5 h5 48. Rb5 Kf7 49. a5 Kf6 50. Rb7 Nc7 51. Rxc7 Bd6 52. Rb7 Ke5 53. a6 c4 54. a7 c3 55. a8=Q Kf4 56.
Qe8 Ke3 57. Rd7 Bf4 0-1

[Event "*** SCC Grand Prix: Titled Tuesday Blitz"]
[Site "Chess.com"]
[Date "2020.10.13"]
[Round "4"]
[White "KonstantinB_1983"]
[Black "mapleaff"]
[Result "0-1"]
[WhiteElo "2489"]
[BlackElo "2353"]
[TimeControl "180+1"]
[EndTime "10:40:30 PDT"]
[Termination "mapleaff won on time"]

1. d4 Nf6 2. c4 g6 3. Nc3 Bg7 4. e4 d6 5. Nge2 O-O 6. Ng3 e5 7. d5 a5 8. h4 h5 9. Bg5 Na6 10.
Be2 Nc5 11. Bxh5 gxh5 12. Nxh5 Ncd7 13. Qf3 Nxh5 14. Bxd8 Nf4 15. Bxc7 Ra6 16. h5 Nc5 17. O-O-O Bh6 18. Kb1 f5 19. Ka1 a4 20. g3 fxe4 21. Nxe4 Nxd5 22. Qe2 Nxc7 23. Nxc5 dxc5 24. Qxe5 Ne6 25. f4 Bg7 26. Qd5 Rb6 27. Rd2 Kh8 28. a3 Nd4 29. Ka2 Be6 30. Qxc5 Rc6 31. Qg5 Bxc4+ 32.
Kb1 Bf6 33. Qh6+ Kg8 34. Rhd1 Bg7 35. Qg5 Rf5 36. Qg4 Rf8 37. Rxd4 Bb3 38. R4d2 Bxd1 39. Rxd1 Rb6 40. Rd2 Re8 41. Qg5 Re1+ 42. Kc2 Ree6 43. Kb1 Re1+ 44. Ka2 Ree6 45. Qd5 Kh7 46. f5 Re5 47.
Qd3 Reb5 48. f6+ Kg8 49. fxg7 Kxg7 50. Qd4+ Kh7 51. Qc3 Kh6 52. Qd3 Kg5 53. Qe3+ Kxh5 54. Qf3+ Kg5 55. Rh2 Kg6 56. Qg4+ Rg5 0-1

[Event "*** SCC Grand Prix: Titled Tuesday Blitz"]
[Site "Chess.com"]
[Date "2020.10.13"]
[Round "4"]
[White "Ind1anStar"]
[Black "brunomorado"]
[Result "1-0"]
[WhiteElo "2454"]
[BlackElo "2302"]
[TimeControl "180+1"]
[EndTime "10:40:30 PDT"]
[Termination "Ind1anStar won by resignation"]

1. d4 d5 2. Nf3 Nf6 3. Bf4 Bf5 4. e3 e6 5. Bd3 Bg4 6. Nbd2 Bd6 7. Bg3 O-O 8. c3 c5 9. O-O Nc6 10. h3 Bh5 11. Bxd6 Qxd6 12. dxc5 Qxc5 13. Qc2 e5 14. e4 Rac8 15. exd5 Nb4 16. Qb1 Nxd3 17. Qxd3 Bxf3 18.
Qxf3 Qxd5 19. Qxd5 Nxd5 20. Rfe1 f6 21. Rad1 Rfd8 22.
Ne4 Nf4 23. g3 Ne6 24. Kg2 Kf8 25. h4 Ke7 26. Kf3 h6 27. Ke3 f5 28. Nd2 Kf6 29.
Nf3 e4 30. Nd4 Nc5 31. Rg1 Na4 32. Rd2 Nc5 33. g4 g6 34. h5 Ke5 35. hxg6 f4+ 36. Ke2 Rg8 37. Rh1 Rxg6 38. Rh5+ Rg5 39. Rxg5+ hxg5 40. Nf5 Rc7 41. Nd6 Rd7 42. Nc4+ Ke6 43. b3 Rxd2+ 44. Nxd2 Nd3 45. Nxe4 Nc1+ 46. Kd2 Nxa2 47. Nxg5+ Kf6 48. Ne4+ Ke5 49. f3 a5 50. Kc2 b5 51.
Kb2 b4 52. Kxa2 bxc3 53. Nxc3 Kd4 54. Nd1 Kd3 55. g5 Ke2 56. g6 Kxf3 57. g7 Ke2 58. g8=Q Kxd1 59. Qg4+ f3 60. Qxf3+ Kc2 61. Qc6+ Kd2 62.
Qc4 1-0

[Event "*** SCC Grand Prix: Titled Tuesday Blitz"]
[Site "Chess.com"]
[Date "2020.10.13"]
[Round "4"]
[White "Nara_Kh"]
[Black "catzapto"]
[Result "1/2-1/2"]
[WhiteElo "2381"]
[BlackElo "2164"]
[TimeControl "180+1"]
[EndTime "10:40:32 PDT"]
[Termination "Game drawn - insufficient material"]

1. e4 c5 2. Be2 Nc6 3. f4 e6 4.
Nf3 d5 5. d3 dxe4 6. dxe4 Qxd1+ 7. Bxd1 Nf6 8. e5 Nd5 9. c4 Nb6 10.
b3 Nb4 11. Ke2 Be7 12. Nc3 O-O 13. Be3 Rd8 14. a3 Nc6 15. Bc2 f6 16. Rad1 fxe5 17.
fxe5 Bd7 18. Ne4 Be8 19. Nxc5 Bxc5 20. Bxc5 Bh5 21. Bd6 Nc8 22. c5 b6 23. Be4 Nxd6 24.
exd6 Rac8 25. cxb6 axb6 26. Ke3 Bxf3 27. gxf3 Ne5 28.
Rd2 Rc3+ 29. Kf4 Nf7 30. d7 g5+ 31. Kg4 Rxd7 32. Rxd7 Ne5+ 33. Kxg5 Nxd7 34. Rd1 Nc5 35. Rd8+ Kf7 36. Bxh7 Rxb3 37. Bg6+ Ke7 38. Re8+ Kd6 39. Ra8 Rxf3 40. h4 Rg3+ 41. Kf6 Nd7+ 42. Kg7 Ne5 43. h5 Nxg6 44. hxg6 e5 45. Rd8+ Kc5 46. Re8 Kd4 47. Kf6 e4 48. g7 e3 49. Kf7 Kd3 50. g8=Q Rxg8 51. Rxg8 e2 52. Re8 Kd2 53. Kf6 e1=Q 54. Rxe1 Kxe1 55. Ke5 Kd2 56. Kd4 Kc2 57. Kc4 Kb2 58.
a4 Ka3 59. Kb5 Kb3 60. Kxb6 Kxa4 1/2-1/2